 Dungeon Crawl Stone Soup version 0.31.0-12-g77e489cdc1 (webtiles) character file.

Game seed: 16065876289061995292

9128 Iselin the Skirmisher (level 11, -1/82 HPs)
             Began as a Purple Draconian Brigand on Feb 17, 2024.
             Was a Priest of Hepliaklqana.
             Succumbed to orange demon's concentrated venom
             ... on level 1 of the Lair of Beasts.
             The game lasted 00:32:45 (7550 turns).

Iselin the Skirmisher (Purple Draconian Brigand)    Turns: 7550, Time: 00:32:46

Health: -1/82      AC: 12    Str: 15    XL:     11   Next: 19%
Magic:  27/27      EV: 13    Int: 15    God:    Hepliaklqana [***...]
Gold:   306        SH:  0    Dex: 14    Spells: 20/20 levels left

rFire   . . .        l - +10 sling "Miutare" {flame, rN+}
rCold   . . .        (no shield)
rNeg    + . .        (body armour unavailable)
rPois   .            (helmet restricted)
rElec   .            b - +1 cloak
rCorr   .            z - +1 pair of gloves
SInv    .            x - +0 pair of boots "Puyps" {+Blink Dex+4 Stlth-}
Will    +....        (no amulet) Stlth
                     y - ring of magical power
HPRegen 0.33/turn    (no ring)
MPRegen 0.20/turn

%: no passive effects
@: confused, lethally poisoned (-1 -> -40), short of breath, ambrosia-drunk,
flying, slowed, very slow
A: reduced essence, breathe power, AC +7, unfitting armour, cold-blooded, big
wings, clumsy 1
a: Breathe Dispelling Energy, Renounce Religion, Evoke Blink, Recall Ancestor,
Ancestor Identity, Transference


You were on level 1 of the Lair of Beasts.
You worshipped Hepliaklqana.
Hepliaklqana was most pleased with you.
You visited 2 branches of the dungeon, and saw 9 of its levels.

You collected 482 gold pieces.
You spent 176 gold pieces at shops.

Inventory:

Hand Weapons
 a - a +3 dagger
 l - the +10 sling "Miutare" (weapon) {flame, rN+}
   (You found it on level 3 of the Dungeon)

   rN+:       It protects you from negative energy.
Missiles
 c - 17 poisoned darts
 d - 4 curare-tipped darts
 h - 2 throwing nets
Armour
 b - a +1 cloak (worn)
 x - the +0 pair of boots "Puyps" (worn) {+Blink Dex+4 Stlth-}
   (You found it on level 1 of the Lair of Beasts)

   Dex+4:     It affects your dexterity (+4).
   +Blink:    It lets you blink.
   Stlth-:    It makes you less stealthy.
 z - a +1 pair of gloves (worn)
Jewellery
 y - a ring of magical power (left hand)
Wands
 o - a wand of polymorph (6)
 q - a wand of iceblast (6)
 r - a wand of paralysis (11)
 B - a wand of digging (4)
Scrolls
 e - 5 scrolls of teleportation
 s - a scroll of revelation
 v - a scroll of enchant weapon
Potions
 i - 4 potions of might
 j - a potion of resistance {unknown}
 k - a potion of invisibility {unknown}
 m - a potion of lignification
 n - a potion of enlightenment
 p - 3 potions of attraction
 t - a potion of degeneration
 u - a potion of cancellation
 w - a potion of mutation
 A - a potion of magic


   Skills:
 * Level 7.4 Fighting
 - Level 2.2(2.3) Short Blades
 - Level 0.4(1.5) Long Blades
 * Level 10.0 Ranged Weapons
 * Level 4.8 Throwing
 * Level 4.6 Dodging
 * Level 6.6 Stealth
 * Level 5.1 Spellcasting
 * Level 4.5 Invocations
 * Level 4.6 Evocations


You had 20 spell levels left.
You didn't know any spells.
Your spell library contained the following spells:

 Spells                   Type           Power      Damage    Failure   Level
 Dazzling Flash           Conj/Hex       6%         N/A       43%         3
 Volatile Blastmotes      Fire/Tloc      6%         2d10      43%         3
 Starburst                Conj/Fire      1%         6d3       100%        6
 Maxwell's Capacitive Co  Air            1%         ∞         100%        8


Dungeon Overview and Level Annotations

Branches:
Dungeon (8/15)             Temple (0/1) D:7            Lair (1/5) D:8

Altars:
Elyvilon
Fedhas
Hepliaklqana
Kikubaaqudgha
Makhleb
Xom
Yredelemnul
Zin

Shops:
D:5 !


Innate Abilities, Weirdness & Mutations

Your life essence is reduced to manifest your ancestor. (-10% HP)
You can breathe bolts of dispelling energy.
Your rich purple scales are hard. (AC +7)
You cannot fit into any form of body armour.
You are cold-blooded and may be slowed by cold attacks.
Your large and strong wings let you fly.
You are clumsy. (Dex -2)


Message History

Amaemon gestures at the scorpion while chanting.
The scorpion's venom grows more potent.
You feel better. The scorpion completely misses you.
The orange demon stings you from afar!
You are lethally poisoned!
You have difficulty breathing.
* * * LOW HITPOINT WARNING * * *
You feel as though you will be slow longer.
Amaemon closely misses you. Amaemon completely misses you.
Amaemon closely misses you. The scorpion misses you.
You feel better. The orange demon closely misses you.
Amaemon mumbles some strange words.
The scorpion stings you but does no damage.
The orange demon stings you but does no damage.
Amaemon hits you with a -1 demon whip of venom!
You are poisoned.
Amaemon closely misses you. Amaemon barely misses you.
You shoot a sling bullet. The sling bullet hits Amaemon!
The sling bullet burns Amaemon.
You kill Amaemon!
The scorpion disappears in a puff of smoke! x4
You feel very sick. The orange demon closely misses you.
Your Ranged Weapons skill increases to level 10!
Fire: l) +10 sling "Miutare" {flame, rN+}
Press: ? - help, Q - select action, (/) - cycle Shift-Dir - straight line, f - orange demon
Aim: an orange demon (severely wounded, concentrated venom, 80% to hit)
You shoot a sling bullet. The sling bullet hits the orange demon!
The sling bullet burns the orange demon.
The orange demon is almost dead.
You feel sick. The orange demon stings you from afar!
* * * LOW HITPOINT WARNING * * *
You are lethally poisoned!
You have difficulty breathing.
* * * LOW HITPOINT WARNING * * *
You feel as though you will be slow longer.
It was a potion of ambrosia.
You are confused.
You feel invigorated.
You die...

.............#.
...........PP.#.....#
...†.#...............#
.....................#
...........%#........#
.........4.............#
.........).............#
........#.@...#........#
.......#...........†...##
.>...†....#..##.........#
.......#..#####........##
..........# #..........#
..........#####).......##
.......#..##P##........####
..###..........†.#....#.#..
#............#†........


You could see an orange demon (curare).

Vanquished Creatures
  Amaemon (Lair:1)
  Joseph (D:8)
  A cane toad (Lair:1)
  A gargoyle (D:8)
  A komodo dragon (Lair:1)
  Grinder (D:5)
  2 blink frogs (Lair:1)
  3 yaks (D:8)
  A wyvern (D:8)
  2 basilisks
  A water moccasin (D:7)
  An ice beast (D:6)
  An ogre (D:7)
  3 wolves (Lair:1)
  2 centaurs (D:6)
  A kobold brigand (D:7)
  A bullfrog (Lair:1)
  4 scorpions (D:4)
  A killer bee (D:8)
  A howler monkey (D:7)
  2 bombardier beetles (D:3)
  A lava snake (D:7)
  A quasit (D:8)
  2 hounds
  3 jellies
  4 orc priests
  A sleepcap (D:7)
  An iguana (D:4)
  Natasha (thrice) (D:4)
  3 orc wizards
  10 gnolls
  5 adders
  3 shadow imps (D:8)
  2 white imps
  2 ufetubi (D:5)
  4 dart slugs
  5 ribbon worms
  14 orcs
  3 ball pythons
  9 endoplasms
  5 giant cockroaches
  7 goblins
  5 hobgoblins
  15 bats
  A frilled lizard (D:3)
  10 kobolds
  2 rats (D:2)
153 creatures vanquished.

Vanquished Creatures (collateral kills)
  A two-headed ogre (D:7)
  An elephant (D:8)
  4 gargoyles (D:8)
  2 blink frogs (Lair:1)
  A yak (D:8)
  A vampire (D:8)
  An ice beast (D:6)
  2 black bears
  3 wolves (Lair:1)
  A kobold brigand (D:8)
  2 bullfrogs
  5 killer bees
  3 howler monkeys (D:8)
  A quasit (D:8)
  A sleepcap (D:5)
  2 iguanas
  An orc wizard (D:7)
  A gnoll (D:7)
  A shadow imp (D:8)
  A white imp (D:8)
  An ufetubus (D:8)
  3 orcs (D:7)
  3 kobolds
  A quokka (D:5)
43 creatures vanquished.

Vanquished Creatures (others)
  2 battlemagi
  An ancestor (D:4)
3 creatures vanquished.

Grand Total: 199 creatures vanquished

Notes
Turn   | Place    | Note
-------+----------+-------------------------------------------
     0 | D:1      | Iselin the Draconian Brigand began the quest for the Orb.
     0 | D:1      | Reached XP level 1. HP: 17/17 MP: 1/1
   104 | D:1      | Reached skill level 1 in Dodging
   104 | D:1      | Reached XP level 2. HP: 24/24 MP: 2/2
   824 | D:1      | Reached XP level 3. HP: 30/30 MP: 3/3
  1016 | D:3      | Identified the +10 sling "Miutare" {flame, rN+}
  1022 | D:3      | Found a faded altar of an unknown god.
  1085 | D:3      | Found a white marble altar of Elyvilon.
  1193 | D:3      | Reached skill level 1 in Ranged Weapons
  1193 | D:3      | Reached XP level 4. HP: 28/37 MP: 4/4
  1493 | D:3      | Reached skill level 2 in Ranged Weapons
  1493 | D:3      | Reached XP level 5. HP: 42/42 MP: 6/6
  1516 | D:3      | Reached skill level 1 in Spellcasting
  1524 | D:3      | Found a hazy altar of Hepliaklqana.
  1559 | D:3      | Became a worshipper of Hepliaklqana the Forgotten
  2536 | D:4      | Noticed Natasha
  2544 | D:4      | Killed Natasha
  2560 | D:4      | Noticed Natasha
  2566 | D:4      | Killed Natasha
  2567 | D:4      | Reached skill level 3 in Ranged Weapons
  2567 | D:4      | Reached XP level 6. HP: 41/51 MP: 7/7
  2582 | D:4      | Noticed Natasha
  2589 | D:4      | Killed Natasha
  2646 | D:4      | Reached * piety under Hepliaklqana
  3030 | D:4      | Found the +11 Singing Sword {sonic wave}
  3040 | D:4      | Reached skill level 4 in Ranged Weapons
  3040 | D:4      | Your scales start taking on a rich purple colour.
  3040 | D:4      | Reached XP level 7. HP: 33/51 MP: 10/10
  3214 | D:5      | Entered Level 5 of the Dungeon
  3357 | D:5      | Found Errurphe's Distillery.
  3363 | D:5      | Bought 2 potions of might for 88 gold pieces
  3363 | D:5      | Bought a potion of mutation for 88 gold pieces
  3363 | D:5      | Gained mutation: You have sharp fingernails. [potion of
                  | mutation]
  3363 | D:5      | Gained mutation: You are resistant to electric shocks.
                  | (rElec) [potion of mutation]
  3364 | D:5      | Lost mutation: You have sharp fingernails. [potion of
                  | mutation]
  3364 | D:5      | Lost mutation: You are resistant to electric shocks.
                  | (rElec) [potion of mutation]
  3364 | D:5      | Gained mutation: You are clumsy. (Dex -2) [potion of
                  | mutation]
  3364 | D:5      | Gained mutation: Your large and strong wings let you fly.
                  | [potion of mutation]
  3371 | D:5      | Found an ancient bone altar of Kikubaaqudgha.
  3494 | D:5      | Found a glowing silver altar of Zin.
  3494 | D:5      | Noticed an angel
  3710 | D:5      | Noticed Grinder
  3716 | D:5      | Killed Grinder
  3717 | D:5      | Reached skill level 1 in Invocations
  3717 | D:5      | Reached skill level 1 in Evocations
  3774 | D:5      | Reached skill level 5 in Ranged Weapons
  3774 | D:5      | Reached skill level 5 in Stealth
  3778 | D:5      | Found a blossoming altar of Fedhas.
  4149 | D:5      | Found a burning altar of Makhleb.
  4154 | D:5      | Found a basalt altar of Yredelemnul.
  4299 | D:6      | Reached ** piety under Hepliaklqana
  4300 | D:6      | Remembered your ancestor Bolek as a battlemage
  4332 | D:6      | Reached XP level 8. HP: 48/59 MP: 11/11
  4827 | D:7      | Reached skill level 6 in Ranged Weapons
  5295 | D:7      | Found a staircase to the Ecumenical Temple.
  5363 | D:7      | Identified the +1 chain mail "Xocrai Amat" {rPois rF+ rN+
                  | Int-4}
  5388 | D:7      | Reached XP level 9. HP: 65/65 MP: 13/13
  5739 | D:8      | Noticed an elephant
  5739 | D:8      | Found a staircase to the Lair.
  5833 | D:8      | Noticed a two-headed ogre
  5842 | D:7      | Killed a two-headed ogre
  5843 | D:7      | Reached skill level 5 in Fighting
  5843 | D:7      | Reached skill level 7 in Ranged Weapons
  6141 | D:8      | Noticed Joseph
  6371 | D:8      | Killed an elephant
  6372 | D:8      | Reached skill level 8 in Ranged Weapons
  6384 | D:8      | Found a shimmering altar of Xom.
  6401 | D:8      | HP: 2/67 [Joseph/+0 quarterstaff (11)]
  6403 | D:8      | Reached XP level 10. HP: 18/74 MP: 16/16
  6405 | D:8      | Killed Joseph
  6706 | D:8      | Noticed a gargoyle
  6709 | D:8      | Killed a gargoyle
  6805 | D:8      | Noticed a gargoyle
  6809 | D:8      | Killed a gargoyle
  6810 | D:8      | Reached skill level 9 in Ranged Weapons
  6881 | D:8      | Noticed a gargoyle
  6888 | D:8      | Killed a gargoyle
  7002 | D:8      | Noticed a gargoyle
  7006 | D:8      | Noticed a gargoyle
  7007 | D:8      | Killed a gargoyle
  7010 | D:8      | Killed a gargoyle
  7338 | Lair:1   | Entered Level 1 of the Lair of Beasts
  7338 | Lair:1   | Noticed a cane toad
  7342 | Lair:1   | Killed a cane toad
  7386 | Lair:1   | Identified the +0 pair of boots "Puyps" {+Blink Dex+4
                  | Stlth-}
  7485 | Lair:1   | Reached skill level 5 in Spellcasting
  7490 | Lair:1   | Reached XP level 11. HP: 82/82 MP: 18/18
  7507 | Lair:1   | Reached *** piety under Hepliaklqana
  7528 | Lair:1   | Noticed Amaemon
  7548 | Lair:1   | Killed Amaemon
  7549 | Lair:1   | Reached skill level 10 in Ranged Weapons
  7550 | Lair:1   | Succumbed to orange demon's concentrated venom

Illustrated notes

Levels and vault maps discovered:
D:1:      matt_arrival_los_fun, layout_rooms, minmay_misc_feat_cross
D:2:      layout_loops_ring, solitary_fountain
D:3:      layout_loops_ring, nicolae_overflow_crystal_walls,
          mainiacjoe_overflow_cross_hatched,
          shapermc_ecumenical_altar_notcrosses, nrook_mini_vaults, corexii_shack
D:4:      old_forge, layout_basic, uniq_natasha
D:5:      layout_loops_corners, nicolae_overflow_hidden_temple, zin_angel,
          minitemple, general_overflow_altar, serial_shops, shop, uniq_grinder
D:6:      layout_cave_pools
D:7:      layout_basic, minmay_temple_entry_antechambers, kennysheep_donut
D:8:      cheibrodos_statue_roulette, layout_cave_pools,
          mainiacjoe_overflow_concentric_impassable, david_lair_generic,
          serial_demonic, serial_demonic_a, serial_demonic_a, serial_demonic_e,
          serial_demonic_f, uniq_joseph
Lair:1:   layout_gridlike, minivault_24, uniq_amaemon

Skill      XL: |  1  2  3  4  5  6  7  8  9 10 11 |
---------------+----------------------------------+-----
Dodging        | 1 2 3 4 |  4.6
Stealth        | 4 5 6 |  6.6
Throwing       | 2 3 4 |  4.8
Ranged Weapons | 1 2 3 4 5 6 8 9 10 | 10.0
Spellcasting   | 1 2 3 4 5 |  5.1
Fighting       | 3 4 5 7 |  7.4
Invocations    | 1 2 3 4 |  4.5
Evocations     | 1 2 3 4 |  4.6
Short Blades   | |  2.2
Long Blades    | |  0.4

Action                     |  1- 3 |  4- 6 |  7- 9 | 10-12 || total
---------------------------+-------+-------+-------+-------++-------
  Melee: Dagger            |    34 |       |       |       ||    34
         Tailslap          |     2 |       |       |       ||     2
   Fire: Sling             |    32 |   112 |   134 |   100 ||   378
  Throw: Dart              |    14 |       |       |       ||    14
 Invoke: Ancestor Identity |       |     1 |       |       ||     1
         Ancestor Life: Ba |       |       |     1 |       ||     1
         Recall Ancestor   |       |       |     4 |       ||     4
Ability: Breathe Dispellin |       |       |    22 |    10 ||    32
  Evoke: Wand              |       |       |     4 |     5 ||     9
    Use: Scroll            |     4 |     3 |    12 |     3 ||    22
         Potion            |       |       |     5 |     5 ||    10
   Stab: Sleeping          |     5 |       |       |       ||     5
 Armour: Skin              |    31 |    25 |    82 |    39 ||   177
  Dodge: Dodged            |    26 |    25 |    79 |    29 ||   159
